Map: Cosmic Sapphire

Players

A.I. 1 (Very Easy) - Winner!

  • Race: Zerg Zerg
  • Spawn Location: 5:00

Meto

  • Race: Terran Terran
  • Spawn Location: 11:00

VOD

Have the link to the VOD?

Description

Time

  • Played on: Jan. 10, 2023, 5:29 a.m.
  • Length: 3:34
Show
View Real Time Build Order
Export as new Build Order

A.I. 1 (Very Easy) Zerg - Winner!

Build Orders: Hatch First 

Get SALT Encoding   

  12  0:01  Drone  
  13  0:12  Overlord  
  13  0:16  Drone  
  14  0:42  Hatchery  
  13  0:45  Drone  
  14  1:04  Spawning Pool  
  14  1:05  Extractor  
  14  1:07  Drone  
  13  1:15  Drone  
  14  1:19  Overlord  
  14  1:51  Queen, Zergling x2  
  14  1:54  Zergling x2  
  18  1:58  Roach Warren  
  17  2:03  Drone  
  17  2:07  Extractor  
  17  2:12  Drone  
  18  2:17  Zergling x2  
  18  2:21  Drone  
  20  2:29  Drone  
  21  2:36  Drone  
  22  2:43  Drone  
  23  2:50  Drone  
Show
View Real Time Build Order
Export as new Build Order

Meto Terran 

Build Orders: 2 Factory, Hellion Opening 

Get SALT Encoding   

  12  0:00  SCV  
  13  0:12  SCV  
  14  0:17  Supply Depot  
  14  0:24  SCV  
  15  0:38  SCV  
  15  0:39  Barracks  
  16  0:51  Barracks  
  16  0:53  SCV  
  17  1:00  Refinery  
  17  1:06  Refinery  
  17  1:08  SCV  
  18  1:20  SCV  
  19  1:27  Supply Depot  
  19  1:33  Orbital Command  
  19  1:47  Factory  
  19  1:56  Barracks Reactor  
  19  2:02  SCV  
  19  2:04  Marine  
  21  2:15  Factory  
  21  2:17  SCV  
  22  2:23  Barracks Reactor  
  23  2:30  SCV  
  23  2:39  Hellion  
  23  2:40  Hellion  
  27  2:49  Supply Depot  
  27  3:01  Hellion x2  
  31  3:10  Hellion x2  
  35  3:13  Supply Depot  
Tags
 
Add a new tag
Caveats
  • Supply blocks, unpowered buildings, or Contaminate may cause inaccurate times.
  • Supply counts are checked every 10 seconds.